 Dungeon Crawl Stone Soup version 0.19-a0-1065-gdac414d (webtiles) character file.

338 4thArraOfDagon the Chopper (level 6, 0/51 HPs)
             Began as a Demigod Wanderer on Aug 3, 2016.
             Slain by an orc
             ... wielding a +0 short sword
              (3 damage)
             ... on level 7 of the Dungeon.
             The game lasted 00:05:15 (862 turns).

4thArraOfDagon the Chopper (Demigod Wanderer)        Turns: 862, Time: 00:05:15

Health: 0/51       AC: 10    Str: 13      XL:     6   Next: 7%
Magic:  8/8        EV: 10    Int: 19 (20) God:
Gold:   54         SH:  0    Dex: 17      Spells: 0 memorised, 5 levels left

rFire  + . .     SeeInvis .     j - +1 hand axe
rCold  . . .     Gourm    .     m - +5 ring mail of Jalequ {rF+ Stlth+}
rNeg   . . .     Faith    .     (no shield)
rPois  .         Spirit   .     (no helmet)
rElec  .         Dismiss  .     (no cloak)
rCorr  .         Reflect  .     (no gloves)
SustAt +         Harm     .     (no boots)
MR     .....                    (no amulet)
Stlth  ++........               (no ring)
                                (no ring)

@: very slightly contaminated
A: high mp 1, sustain attributes
a: no special abilities


You were on level 7 of the Dungeon.
You were hungry.

You visited 1 branch of the dungeon, and saw 8 of its levels.

You collected 84 gold pieces.
You spent 30 gold pieces at shops.

Inventory:

Hand Weapons
 a - a +2 shortbow
 j - a +1 hand axe (weapon)
Armour
 c - a +0 ring mail
 m - the +5 ring mail of Jalequ (worn) {rF+ Stlth+}
   (You found it on level 4 of the Dungeon)

   It protects you from fire.
   It makes you more stealthy.
Potions
 d - a potion of flight
Comestibles
 f - 2 bread rations
 n - a slice of pizza
 p - a beef jerky


   Skills:
 - Level 3.1 Fighting
 * Level 5.2 Axes
 - Level 1.0 Bows
 - Level 1.0 Throwing
 - Level 3.6 Armour
 - Level 1.0 Stealth


You had 5 spell levels left.
You didn't know any spells.

Dungeon Overview and Level Annotations

Branches:
Dungeon (8/15)
 Temple: D:4-7         Lair: D:8-11

Shops:
D:5 *


Innate Abilities, Weirdness & Mutations

You have an increased reservoir of magic. (+10% MP)
Your attributes are resistant to harm.


Message History

You barely miss the orc. x2; The orc hits you but does no damage.
Unknown command.
You hit the orc.
The orc is severely wounded.
You hit the orc.
You kill the orc!
You are no longer corroded.
The orc wizard hits you but does no damage.
Unknown command.
You hit the orc wizard.
The orc wizard is moderately wounded.
You hit the orc. The orc hits you but does no damage.
The orc wizard hits you with a dagger.
* * * LOW HITPOINT WARNING * * *
Unknown command.
Unknown command.
You hit the orc wizard.
The orc wizard is severely wounded.
You barely miss the orc. The orc hits you with a short sword.
You die...

##.o...##...###...#
##....>.###...#...#
.........# ##.....#
###.####.## ##...##
# ##.#####'##
#o..5...# #o#######
#o# #@# #o# #..
###. .# #


You could see an orc wizard and 3 orcs.

Vanquished Creatures
  An ice beast (D:7)
  A giant frog (D:7)
  A crimson imp (D:5)
  A jelly (D:7)
  An iguana (D:7)
  4 adders
  2 shadow imps
  An adder zombie (D:6)
  A dart slug (D:5)
  2 giant geckos
  8 orcs
  A giant cockroach (D:1)
  A hobgoblin (D:1)
  3 jackals
  A bat (D:3)
  A giant gecko skeleton (D:4)
  3 giant newts (D:3)
33 creatures vanquished.

Notes
Turn   | Place    | Note
-------+----------+-------------------------------------------
     0 | D:1      | 4thArraOfDagon the Demigod Wanderer began the quest for the Orb.
     0 | D:1      | 4thArraOfDagon set off with: a +2 shortbow, 27 arrows, a +0 ring mail, a potion of lignification, a bread ration
     0 | D:1      | Reached XP level 1. HP: 17/17 MP: 3/3
   221 | D:3      | Reached XP level 2. HP: 25/25 MP: 4/4
   299 | D:4      | Got a sapphire-encrusted ring mail
   310 | D:4      | Identified the +5 ring mail of Jalequ {rF+ Stlth+} (You found it on level 4 of the Dungeon)
   350 | D:5      | Entered Level 5 of the Dungeon
   458 | D:5      | Reached skill level 2 in Axes
   458 | D:5      | Reached XP level 3. HP: 31/31 MP: 5/5
   465 | D:5      | Found Anerun's General Store.
   478 | D:5      | Bought a potion of curing for 30 gold pieces
   690 | D:8      | Reached XP level 4. HP: 26/38 MP: 6/6
   757 | D:7      | Reached skill level 3 in Axes
   782 | D:7      | Noticed a giant frog
   784 | D:7      | Noticed an ice beast
   817 | D:7      | Killed an ice beast
   817 | D:7      | Reached skill level 4 in Axes
   817 | D:7      | Reached XP level 5. HP: 43/45 MP: 7/7
   840 | D:7      | Reached skill level 5 in Axes
   847 | D:7      | Reached XP level 6. HP: 24/51 MP: 8/8
   862 | D:7      | Slain by an orc

Vault maps used:
D:1:      saegor_arrival_miasma
D:2:      minmay_roachtagon, lemuel_doored_altar, minitemple, first_bread,
          nicolae_gozag_seed_capital, uniq_terence, uniq_jessica
D:4:      fedhas_altar_3
D:5:      serial_shops, shop
D:6:      serial_shops, nicolae_shop_window_shopping,
          hangedman_abyss_or_decor_passed
D:7:      basic_altar, minmay_misc_feat_x, serial_bayou_pond_e, the_bakery,
          kennysheep_diamond
D:8:      erik_lair_island, nicolae_ru_path_of_blood

Skill      XL: |  1  2  3  4  5 |
---------------+----------------+-----
Fighting       | 2 3 |  3.1
Axes           | 2 4 5 |  5.2
Bows           | |  1.0
Throwing       | |  1.0
Armour         | |  3.6
Stealth        | |  1.0

Action                   |  1- 3 |  4- 6 || total
-------------------------+-------+-------++-------
Melee: Hand axe          |     7 |    64 ||    71
 Fire: Shortbow          |    74 |    19 ||    93
  Use: Potion            |     1 |     6 ||     7
       Scroll            |       |     4 ||     4
Armor: Ring mail         |    10 |    20 ||    30
       Skin              |    15 |    67 ||    82
Dodge: Dodged            |     5 |    31 ||    36
